 Dungeon Crawl Stone Soup version 0.24.0-123-gd5b16e6ec5 (webtiles) character file.

Game seed: 7375380977176841036, levelgen mode: deterministic

21350 Johnny the Fencer (level 12, -1/106 HPs)
             Began as a Demigod Gladiator on Jan 20, 2020.
             Hit by a large rock thrown by a stone giant (35 damage)
             ... on level 2 of the Orcish Mines.
             The game lasted 00:25:49 (17739 turns).

Johnny the Fencer (Demigod Gladiator)              Turns: 17739, Time: 00:25:49

Health: -1/106     AC: 10    Str: 25    XL:     12   Next: 23%
Magic:  15/15      EV: 13    Int: 12    God:
Gold:   1062       SH:  0    Dex: 17    Spells: 11/11 levels left

rFire    . . .     SeeInvis .   j - +0 long sword (vamp)
rCold    + . .     Gourm    .   (no shield)
rNeg     . . .     Faith    .   u - +1 troll leather armour
rPois    .         Spirit   .   c - +0 helmet
rElec    .         Reflect  .   i - +2 cloak
rCorr    +         Harm     .   (no gloves)
MR       +....                  z - +0 pair of boots
Stlth    +.........             (no amulet)
HPRegen  0.67/turn              y - ring of resist corrosion
MPRegen  0.14/turn              v - ring of protection from cold

@: no status effects
A: high mp 1, subdued magic 1
a: no special abilities


You were on level 2 of the Orcish Mines.
You were full.

You visited 3 branches of the dungeon, and saw 15 of its levels.

You collected 1062 gold pieces.

Inventory:

Hand Weapons
 j - a +0 vampiric long sword (weapon)
Missiles
 h - a throwing net (quivered)
Armour
 c - a +0 helmet (worn)
 i - a +2 cloak (worn)
 t - a +0 leather armour of fire resistance
 u - a +1 troll leather armour (worn)
 z - a +0 pair of boots (worn)
 M - the +1 leather armour of the Vacuum {rElec rN++ rCorr Int+2}
   (You found it on level 9 of the Dungeon)

   It affects your intelligence (+2).
   It insulates you from electricity.
   It greatly protects you from negative energy.
   It provides partial protection from all sources of acid and corrosion.
Jewellery
 a - an uncursed ring of ice
 r - a +6 ring of intelligence
 v - a ring of protection from cold (right hand)
 y - a ring of resist corrosion (left hand)
 B - an uncursed ring of magical power
Scrolls
 b - 5 scrolls of random uselessness
 d - 2 scrolls of noise
 e - 2 scrolls of amnesia
 g - 3 scrolls of teleportation
 l - 5 scrolls of remove curse
 s - 4 scrolls of immolation
 E - 2 scrolls of magic mapping
Potions
 m - a potion of degeneration
 n - 4 potions of curing
 x - 2 potions of flight
 F - 5 potions of brilliance
 K - 3 potions of magic
Comestibles
 f - 19 rations
 k - a chunk of flesh


   Skills:
 + Level 10.2 Fighting
 * Level 15.9 Long Blades
 - Level 1.7 Throwing
 - Level 2.6 Dodging


You had 11 spell levels left.
You didn't know any spells.
Your spell library contained the following spells:

 Spells                   Type           Power        Failure   Level  Hunger
 Animate Skeleton         Necr           N/A          32%         1    ##.....
 Beastly Appendage        Tmut           #.....       32%         1    ##.....
 Confusing Touch          Hex            #.....       32%         1    ##.....
 Pain                     Necr           #...         32%         1    ##.....
 Summon Small Mammal      Summ           #...         32%         1    ##.....
 Call Imp                 Summ           #.......     45%         2    ###....
 Poisonous Vapours        Pois/Air       #.....       45%         2    ###....
 Sticks to Snakes         Tmut           #.......     45%         2    ###....
 Call Canine Familiar     Summ           #.......     71%         3    ####...
 Confuse                  Hex            #.......     71%         3    ####...
 Conjure Flame            Conj/Fire      #.......     71%         3    ####...
 Gell's Gravitas          Tloc           #.........   71%         3    ####...
 Mephitic Cloud           Conj/Pois/Air  #.......     71%         3    ####...
 Regeneration             Chrm/Necr      #.........   71%         3    ####...
 Spider Form              Tmut/Pois      #.........   71%         3    ####...
 Summon Guardian Golem    Hex/Summ       #.......     71%         3    ####...
 Vampiric Draining        Necr           #.........   71%         3    ####...
 Animate Dead             Necr           N/A          98%         4    #####..
 Ice Form                 Ice/Tmut       #.......     98%         4    #####..
 Petrify                  Tmut/Erth      #.......     98%         4    #####..
 Summon Ice Beast         Ice/Summ       #.......     98%         4    #####..
 Summon Lightning Spire   Summ/Air       #.......     98%         4    #####..
 Blade Hands              Tmut           #.........   100%        5    ######.
 Metabolic Englaciation   Hex/Ice        #.........   100%        5    ######.
 Yara's Violent Unravell  Hex/Tmut       #.........   100%        5    ######.
 Freezing Cloud           Conj/Ice/Air   #.........   100%        6    #######
 Ring of Flames           Chrm/Fire      #.........   100%        7    #######


Dungeon Overview and Level Annotations

Branches:
Dungeon (12/15)            Temple (0/1) D:5            Lair (1/6) D:11
    Orc (2/2) D:11
    Elf: Orc:2

Shops:
D:10 [   Orc:2 ?((

Annotations:
D:9 2 runed translucent doors, exclusion: orange crystal statue


Innate Abilities, Weirdness & Mutations

You have an increased reservoir of magic. (+10% MP)
Your spells are a little easier to cast, but a little less powerful.


Message History

You kill the ogre!
No target in view!
No target in view!
You now have 1062 gold pieces (gained 23).
Things that are here:
a +0 trident; a +0 leather armour A stone giant comes into view.
The stone giant shouts!
The stone giant throws a large rock.
The large rock hits you!!!
You see here a large rock.
The stone giant throws a large rock.
The large rock closely misses you.
The stone giant throws a large rock.
The large rock hits you!!
You see here a large rock.
The stone giant throws a large rock.
The large rock hits you.
You see here a large rock.
Unknown command.
As you read the scroll of fog, it crumbles to dust.
The scroll dissolves into smoke.
The stone giant throws a large rock.
The large rock hits you!!
You die...

...............................
......)............$.....##.#.#
........)....)#...........##.##
.......................#.#.....
................<.......#......
....<....$.(..$[.............#.
...........(......C......$^...
.............§§§.............
#.....#......§@§..)).........
#....#......§§§...<.#......#
### ###################.... ##
### # .... #∩. .. . ### ..
∩...##.##. .∩ # ..##.....##. ##
.##..§..3...##..#
.o.....o.o.o....#


You could see a stone giant.

Vanquished Creatures
  Harold (D:11)
  Fannar (Lair:1)
  2 hydras
  A two-headed ogre (D:8)
  An unseen horror (D:10)
  2 orc knights
  An ugly thing (D:11)
  A centaur zombie (D:11)
  2 cyclopes (D:12)
  A gargoyle (D:11)
  A spiny frog (Lair:1)
  A komodo dragon (D:11)
  5 trolls
  4 hippogriffs (D:11)
  A spriggan (D:8)
  23 yaks
  2 wraiths
  2 vampire mosquitoes (D:12)
  2 hungry ghosts
  2 steam dragons (D:11)
  3 wargs
  An acid dragon (D:11)
  3 water moccasins
  A porcupine (Lair:1)
  10 orc warriors
  6 ogres
  2 phantoms
  4 sky beasts
  3 wolves (D:11)
  3 crocodiles (Lair:1)
  13 centaurs
  3 big kobolds
  11 bullfrogs
  A water moccasin zombie (D:7)
  A wyvern skeleton (D:11)
  A scorpion (D:4)
  5 killer bees (D:7)
  4 howler monkeys
  2 jellies (D:8)
  2 electric eels (D:11)
  4 crimson imps
  6 hounds
  A quasit (D:11)
  6 orc priests
  A bullfrog skeleton (D:5)
  2 centaur skeletons
  Jessica (D:2)
  A gnoll shaman (D:10)
  Natasha (twice) (D:2)
  3 iguanas
  13 orc wizards
  5 worker ants
  A killer bee zombie (D:5)
  2 hound zombies
  2 hound skeletons
  Robin (D:3)
  A howler monkey zombie (D:11)
  A worker ant zombie (D:6)
  9 adders
  10 gnolls
  4 shadow imps
  A white imp (D:7)
  An ooze (D:2)
  2 adder zombies
  An adder skeleton (D:4)
  2 worms (D:2)
  A dart slug (D:2)
  3 leopard geckos
  52 orcs
  6 bats
  4 giant cockroaches
  11 goblins
  11 hobgoblins
  11 jackals
  15 kobolds
  8 quokkas
  2 ball pythons
  6 frilled lizards
  2 goblin skeletons (D:7)
  A hobgoblin zombie (D:7)
  A jackal skeleton (D:6)
  A kobold skeleton (D:7)
  4 orc zombies (D:7)
  3 rats
360 creatures vanquished.

Vanquished Creatures (collateral kills)
  An orc (D:10)
1 creature vanquished.

Vanquished Creatures (others)
  3 yaks (D:10)
  2 orcs (D:11)
  3 fungi (Lair:1)
8 creatures vanquished.

Grand Total: 369 creatures vanquished

Notes
Turn   | Place    | Note
-------+----------+-------------------------------------------
     0 | D:1      | Johnny the Demigod Gladiator began the quest for the Orb.
     0 | D:1      | Reached XP level 1. HP: 17/17 MP: 3/3
     9 | D:1      | Reached skill level 3 in Long Blades
   237 | D:1      | Reached XP level 2. HP: 24/24 MP: 4/4
   704 | D:2      | You fall into a shaft and drop 1 floor!
   781 | D:3      | Noticed Robin
   794 | D:3      | Reached XP level 3. HP: 29/29 MP: 5/5
   797 | D:3      | Reached skill level 4 in Long Blades
   802 | D:3      | Killed Robin
  1133 | D:2      | Noticed Natasha
  1141 | D:2      | Killed Natasha
  1141 | D:2      | Reached XP level 4. HP: 30/36 MP: 6/6
  1235 | D:2      | Noticed Natasha
  1254 | D:2      | HP: 1/36 [Natasha/magic dart (4)]
  1258 | D:2      | Killed Natasha
  1258 | D:2      | Reached skill level 5 in Long Blades
  1374 | D:2      | Noticed Jessica
  1383 | D:2      | Killed Jessica
  2166 | D:3      | Reached XP level 5. HP: 37/41 MP: 7/7
  2245 | D:3      | Found a snail-covered altar of Cheibriados.
  2252 | D:3      | Reached skill level 6 in Long Blades
  2498 | D:4      | Found a radiant altar of Vehumet.
  2528 | D:4      | Reached XP level 6. HP: 30/48 MP: 8/8
  2955 | D:4      | Reached skill level 7 in Long Blades
  3206 | D:4      | Found a glowing silver altar of Zin.
  3520 | D:4      | Got a tattered robe
  3536 | D:4      | Identified the +2 robe of Distant Shores {rC+ Dex+4} (You
                  | found it on level 4 of the Dungeon)
  3605 | D:4      | Found a shimmering altar of Xom.
  3728 | D:5      | Entered Level 5 of the Dungeon
  3728 | D:5      | Noticed a water moccasin
  3738 | D:5      | Killed a water moccasin
  3738 | D:5      | Reached XP level 7. HP: 21/53 MP: 9/9
  4107 | D:5      | Reached skill level 8 in Long Blades
  4873 | D:5      | Found a staircase to the Ecumenical Temple.
  5302 | D:6      | Got a translucent flail
  5557 | D:6      | Reached skill level 9 in Long Blades
  5708 | D:6      | Identified the +6 flail "Ydunnor" {crush, rF+ rC+} (You
                  | found it on level 6 of the Dungeon)
  5984 | D:6      | Reached XP level 8. HP: 43/61 MP: 10/10
  6320 | D:7      | Reached skill level 10 in Long Blades
  6796 | D:7      | Found a glowing golden altar of the Shining One.
  7245 | D:8      | Noticed a two-headed ogre
  7260 | D:8      | Killed a two-headed ogre
  7260 | D:8      | Reached skill level 11 in Long Blades
  7260 | D:8      | Reached XP level 9. HP: 50/72 MP: 11/11
  7354 | D:8      | Reached skill level 5 in Fighting
  8538 | D:9      | Found a basalt altar of Yredelemnul.
  8968 | D:9      | Found a runed translucent door.
  8969 | D:9      | Noticed an orange crystal statue
  8970 | D:9      | Found the +10 large shield of Ignorance {rN+ Int-4}
  9080 | D:9      | Found a runed translucent door.
  9085 | D:9      | Got a slimy leather armour
  9096 | D:9      | Identified the +1 leather armour of the Vacuum {rElec rN++
                  | rCorr Int+2} (You found it on level 9 of the Dungeon)
  9137 | D:9      | Reached skill level 12 in Long Blades
  9580 | D:10     | Entered Level 10 of the Dungeon
  9951 | D:10     | Reached XP level 10. HP: 27/83 MP: 13/13
  9970 | D:10     | Killed an unseen horror
 10788 | D:10     | Found Poatza Moij's Armour Shop.
 10847 | D:10     | Reached skill level 13 in Long Blades
 11857 | D:11     | Noticed a purple ugly thing
 11876 | D:11     | Killed a purple ugly thing
 12034 | D:11     | Reached XP level 11. HP: 42/94 MP: 14/14
 12289 | D:11     | Reached skill level 14 in Long Blades
 12823 | D:11     | Found a staircase to the Lair.
 12901 | D:11     | Found a staircase to the Orcish Mines.
 14796 | D:12     | Noticed a seven-headed hydra
 14816 | D:12     | Killed a seven-headed hydra
 15066 | D:12     | Reached skill level 15 in Long Blades
 15080 | D:12     | HP: 4/97 [cyclops (15)]
 15353 | D:12     | Noticed a skeletal warrior
 15354 | D:12     | Noticed a skeletal warrior
 15354 | D:12     | Noticed a skeletal warrior
 15487 | Lair:1   | Entered Level 1 of the Lair of Beasts
 15521 | Lair:1   | Noticed Harold
 15522 | Lair:1   | Noticed Fannar
 15546 | D:11     | Killed Harold
 15633 | Lair:1   | Noticed a six-headed hydra
 15982 | Lair:1   | Killed Fannar
 16033 | Lair:1   | Killed a six-headed hydra
 16033 | Lair:1   | Reached XP level 12. HP: 6/106 MP: 15/15
 16793 | Orc:1    | Entered Level 1 of the Orcish Mines
 16923 | D:11     | Reached skill level 10 in Fighting
 17096 | Orc:2    | Entered Level 2 of the Orcish Mines
 17109 | Orc:1    | You fall into a shaft and drop 1 floor!
 17109 | Orc:2    | Found Muybruuj's Antique Weapon Boutique.
 17109 | Orc:2    | Found Nusielous's Antique Weapon Emporium.
 17112 | Orc:2    | Found Welun's Magic Scroll Boutique.
 17112 | Orc:2    | Gained mutation: Your spells are a little easier to cast,
                  | but a little less powerful. [a neqoxec]
 17735 | Orc:2    | Noticed a stone giant
 17739 | Orc:2    | Hit by a large rock thrown by a stone giant

Levels and vault maps discovered:
D:1:      dpeg_arrival_boxes_within_box, layout_loops_ring, serial_forest,
          infiniplex_forest_zigzag_2, infiniplex_forest_clump_diagonal,
          infiniplex_forest_lined_3, infiniplex_forest_lined_corner,
          minmay_misc_feat_hallway, minmay_misc_feat_nine_boxes
D:2:      layout_basic, first_ration, uniq_natasha, uniq_jessica
D:3:      layout_loops_corners, cheibriados_altar_1, uniq_robin
D:4:      layout_rooms, kennysheep_mini_moat, vehumet_altar_wand_db,
          kennysheep_little_box
D:5:      layout_basic, minmay_temple_entry_antechambers
D:6:      layout_cave_pods
D:7:      layout_basic, nicolae_tso_besieged_by_evil
D:8:      layout_gridville, the_bakery, kennysheep_generic_room_11
D:9:      layout_basic, overflow_temple_1_default,
          chequers_guarded_unrand_ignorance
D:10:     layout_loops_ring, serial_shops, nicolae_shop_crystal
D:11:     layout_basic, erik_lair_island, david_orc_2
D:12:     layout_roguey, special_room [special_room_orc]
Lair:1:   layout_cave_pods, minivault_19, chequers_serial_rivers_large_a,
          uniq_fannar, uniq_harold
Orc:1:    layout_caves, basic_altar
Orc:2:    st_orc_elflike, layout_caves

Skill      XL: |  1  2  3  4  5  6  7  8  9 10 11 12 |
---------------+-------------------------------------+-----
Long Blades    | 3 4 5 6 7 9 11 12 13 15 | 15.9
Fighting       | 2 4 6 8 9 10 | 10.2
Throwing       | |  1.7
Dodging        | |  2.6

Action                   |  1- 3 |  4- 6 |  7- 9 | 10-12 || total
-------------------------+-------+-------+-------+-------++-------
Melee: Long sword        |    89 |   220 |   120 |    44 ||   473
       Scimitar          |       |       |   271 |   607 ||   878
Throw: Throwing net      |       |     6 |     1 |     6 ||    13
Evoke: Wand              |       |       |    73 |    69 ||   142
  Use: Potion            |     2 |     4 |     2 |    21 ||    29
       Scroll            |       |     9 |     6 |    16 ||    31
 Stab: Sleeping          |       |     1 |     1 |       ||     2
       Distracted        |       |       |     2 |       ||     2
       Held in net/web   |       |       |     1 |     2 ||     3
       Paralysed         |       |       |     6 |       ||     6
       Invisible         |       |       |       |     6 ||     6
  Eat: Chunk             |     1 |     9 |    16 |    14 ||    40
       Ration            |       |       |     1 |     5 ||     6
Armor: Chain mail        |    54 |    18 |       |       ||    72
       Leather armour    |     6 |    30 |   114 |   124 ||   274
       Ring mail         |       |    34 |       |       ||    34
       Troll leather arm |       |       |       |    69 ||    69
       Skin              |       |       |       |    20 ||    20
Dodge: Dodged            |    60 |   118 |   244 |   371 ||   793
       Rpst.: Long sword |    24 |    40 |    25 |     3 ||    92
       Scimitar          |       |       |    43 |    83 ||   126
